 Dungeon Crawl Stone Soup version 0.30.1-11-g7821555f0a (webtiles) character file.

Game seed: 8106691356650079203

102 jagang the Slasher (level 5, -2/42 HPs)
             Began as a Human Monk on Jan 3, 2024.
             Killed by divine providence
             ... invoked by an orc priest
              (13 damage)
             ... on level 3 of the Dungeon.
             The game lasted 00:04:19 (1635 turns).

jagang the Slasher (Human Monk)                     Turns: 1635, Time: 00:04:23

Health: -2/42      AC: 10    Str: 11    XL:     5   Next: 5%
Magic:  0/5        EV:  8    Int: 10    God:
Gold:   121        SH:  0    Dex: 21    Spells: 4/4 levels left

rFire   . . .        o - +5 spear of Watchfulness {heavy, Dex+3}
rCold   . . .        d - orb {light}
rNeg    . . .        n - +0 plate armour
rPois   .            (no helmet)
rElec   .            (no cloak)
rCorr   .            (no gloves)
SInv    .            (no boots)
Will    .....        f - amulet of guardian spirit Stlth
                     l - +5 ring of evasion
HPRegen 0.27/turn    (no ring)
MPRegen 0.09/turn

%: guardian spirit
@: glowing
A: no striking features
a: no special abilities


You were on level 3 of the Dungeon.
You visited 1 branch of the dungeon, and saw 3 of its levels.

You collected 121 gold pieces.

Inventory:

Hand Weapons
 a - a +0 falchion
 o - the +5 spear of Watchfulness (weapon) {heavy, Dex+3}
   (You found it on level 2 of the Dungeon)

   Dex:       It affects your dexterity (+3).
 t - the +6 dagger of the Candle {heavy, Fragile Fly rF+ rC+ Will++}
   (You found it on level 3 of the Dungeon)

   rF:        It protects you from fire.
   rC:        It protects you from cold.
   Fly:       It grants you flight.
   Fragile:   It will be destroyed if unequipped.
   Will:      It greatly increases your willpower.
Armour
 b - a +0 robe
 d - an orb of light (worn)
 e - a +0 kite shield
 n - a +0 plate armour (worn)
Jewellery
 f - an amulet of guardian spirit (around neck)
 j - a ring of ice
 l - a +5 ring of evasion (left hand)
Wands
 s - a wand of iceblast (6)
Scrolls
 g - a scroll of identify {unknown}
 h - a scroll of vulnerability {unknown}
 i - a scroll of poison {unknown}
 m - a scroll of enchant armour {unknown}
 p - a scroll of enchant weapon {unknown}
 u - a scroll of teleportation {unknown}
Potions
 c - a potion of ambrosia
 k - a potion of might {unknown}
 q - a potion of magic {unknown}
 r - a potion of curing {unknown}
 v - a potion of brilliance {unknown}


   Skills:
 * Level 3.8 Fighting
 * Level 3.9 Long Blades
 * Level 2.0 Armour
 - Level 3.0 Dodging
 + Level 1.1 Invocations


You had 4 spell levels left.
You didn't know any spells.
Your spell library contained the following spells:

 Spells                   Type           Power      Damage    Failure   Level
 Slow                     Hex            0%         N/A       100%        1
 Confusing Touch          Hex            0%         N/A       100%        3
 Vampiric Draining        Necr           0%         2d6       100%        3


Dungeon Overview and Level Annotations

Branches:
Dungeon (3/15)

Altars:


Message History

The orc shouts!
The orc priest invokes the aid of Beogh against you.
Beogh smites you!
You see here a +0 hand axe.
You reach to attack!
You hit the orc priest but do no damage.
You reach to attack!
You hit the orc.
The orc is heavily wounded.
You barely miss the orc.
The orc is heavily wounded.
The orc priest calls upon Beogh to heal the orc.
The orc's wounds heal themselves!
The orc hits you but does no damage. x2
A dart slug comes into view.
You hit the orc but do no damage.
The orc priest mumbles some strange prayers to Beogh against you.
Beogh smites you! The orc hits you with a +0 short sword.
The orc hits you but does no damage.
You are too injured to fight recklessly!
You are too injured to fight recklessly!
Unknown command.
You hit the orc but do no damage. The orc hits you but does no damage.
You hit the orc.
The orc is heavily wounded.
The orc barely misses you. The orc hits you but does no damage.
You puncture the orc!
You kill the orc!
The orc priest hits you but does no damage.
Your Armour skill increases to level 2!
You are too injured to fight recklessly!
You hit the orc priest.
The orc priest is moderately wounded.
The orc priest closely misses you.
You puncture the orc priest!
The orc priest is almost dead.
The orc priest mumbles some strange prayers to Beogh against you.
Pain shoots through your body!
* * * LOW HITPOINT WARNING * * *
The orc priest invokes the aid of Beogh against you.
Beogh smites you!
You die...

### ..# #.# #.
#w# . #. #o#
#(###. #@#
#....## #.#
......########.#
#...........###
#.........?...#
##............#
#..########..#
#..##### #..#
#......# #..#


You could see an orc priest and a dart slug.

Vanquished Creatures
  3 adders
  3 worms
  3 dart slugs
  5 orcs
  4 ball pythons
  7 bats
  4 endoplasms
  3 giant cockroaches (D:1)
  2 goblins
  3 hobgoblins
  2 quokkas
  2 frilled lizards
  6 kobolds
  10 rats
57 creatures vanquished.

Notes
Turn   | Place    | Note
-------+----------+-------------------------------------------
     0 | D:1      | jagang the Human Monk began the quest for the Orb.
     0 | D:1      | Reached XP level 1. HP: 18/18 MP: 1/1
    90 | D:1      | Reached XP level 2. HP: 22/24 MP: 2/2
   298 | D:1      | Reached XP level 3. HP: 29/29 MP: 3/3
   308 | D:1      | Reached skill level 1 in Armour
   707 | D:2      | Reached XP level 4. HP: 31/36 MP: 4/4
  1133 | D:2      | Reached skill level 1 in Invocations
  1135 | D:2      | Identified the +5 spear of Watchfulness {heavy, Dex+3}
  1582 | D:3      | Identified the +6 dagger of the Candle {heavy, Fragile Fly
                  | rF+ rC+ Will++}
  1587 | D:3      | Reached XP level 5. HP: 42/42 MP: 5/5
  1635 | D:3      | Killed from afar by an orc priest

Illustrated notes

Levels and vault maps discovered:
D:1:      dpeg_arrival_stonehenge_8_columns, layout_rooms
D:2:      layout_basic, grunt_ministairs_12
D:3:      layout_loops_ring, gammafunk_temple_overflow_elements,
          nicolae_ru_the_path_less_chosen, nrook_loot_triangle, grunt_decor_cap,
          minmay_close_crescents

Skill      XL: |  1  2  3  4  5 |
---------------+----------------+-----
Armour         | 1 2 |  2.0
Invocations    | 1 |  1.1
Fighting       | |  3.8
Long Blades    | |  3.9
Dodging        | |  3.0

Action                     |  1- 3 |  4- 6 || total
---------------------------+-------+-------++-------
  Melee: Falchion          |    63 |    27 ||    90
         Spear             |       |    41 ||    41
 Armour: Robe              |    13 |     3 ||    16
         Plate armour      |       |    28 ||    28
  Dodge: Dodged            |    41 |    28 ||    69
